Map: Wieże Zmierzchu

Players

macho

  • Race: Protoss Protoss

llllllllllll - Winner!

  • Race: Protoss Protoss

VOD

Have the link to the VOD?

Description

Time

  • Played on: Dec. 25, 2015, 6:35 p.m.
  • Length: 8:43
Show
View Real Time Build Order
Export as new Build Order

macho Protoss 

Build Orders:  

Get SALT Encoding   

  12  0:01  Probe (Chrono Boost)  
  13  0:12  Probe (Chrono Boost)  
  14  0:19  Pylon  
  14  0:22  Probe (Chrono Boost)  
  15  0:37  Probe (Chrono Boost)  
  15  0:38  Gateway  
  17  0:50  Probe (Chrono Boost)  
  17  0:58  Gateway  
  17  1:00  Assimilator  
  17  1:01  Probe (Chrono Boost)  
  18  1:12  Probe (Chrono Boost)  
  19  1:22  Probe (Chrono Boost)  
  19  1:23  Pylon  
  20  1:31  Cybernetics Core  
  21  1:33  Probe (Chrono Boost)  
  21  1:39  Zealot  
  22  1:46  Zealot  
  24  1:51  Assimilator  
  24  1:53  Probe (Chrono Boost)  
  25  2:09  Probe (Chrono Boost)  
  25  2:11  Stalker  
  28  2:16  Warp Gate (Chrono Boost)  
  28  2:45  Nexus  
  28  2:46  Pylon  
  28  2:53  Stalker  
  30  3:04  Sentry  
  32  3:11  Twilight Council  
  32  3:12  Probe  
  33  3:27  Probe  
  33  3:31  Gateway  
  34  3:40  Probe  
  35  3:41  Stalker  
  37  3:53  Charge (Chrono Boost)  
  37  4:10  Pylon  
  37  4:15  Probe x2  
  39  4:22  Assimilator  
  39  4:26  Probe  
  39  4:29  Mothership Core  
  42  4:36  Probe  
  42  4:37  Zealot  
  42  4:38  Zealot  
  47  4:40  Zealot  
  42  5:20  Probe  
  42  5:35  Zealot x2  
  42  5:36  Zealot  
  48  5:47  Probe  
  49  5:57  Probe, Blink (Chrono Boost)  
  49  6:03  Probe  
  51  6:04  Gateway  
  51  6:08  Probe, Gateway  
  52  6:12  Pylon  
  52  6:15  Probe  
  53  6:18  Probe  
  53  6:24  Zealot x3  
  60  6:27  Probe  
  61  6:39  Probe  
  62  6:44  Probe  
  63  6:48  Assimilator  
  63  6:55  Probe  
  63  6:58  Pylon  
  64  7:05  Probe  
  45  7:22  Zealot x3  
  45  7:32  Pylon  
  45  7:33  Probe x2  
  47  7:44  Probe  
  48  7:51  Zealot  
  48  7:52  Zealot x3  
  48  7:54  Probe  
  57  8:00  Nexus  
  57  8:02  Pylon  
  57  8:05  Probe  
  57  8:06  Zealot  
  57  8:07  Robotics Facility  
  55  8:33  Zealot x5  
Show
View Real Time Build Order
Export as new Build Order

llllllllllll Protoss - Winner!

Build Orders:  

Get SALT Encoding   

  12  0:01  Probe (Chrono Boost)  
  13  0:12  Probe (Chrono Boost)  
  14  0:20  Pylon  
  14  0:22  Probe (Chrono Boost)  
  15  0:38  Probe (Chrono Boost)  
  16  0:49  Probe (Chrono Boost)  
  17  0:59  Probe (Chrono Boost)  
  18  1:07  Nexus  
  18  1:14  Probe (Chrono Boost)  
  18  1:17  Gateway  
  19  1:23  Pylon  
  19  1:28  Probe (Chrono Boost)  
  19  1:31  Assimilator  
  20  1:38  Probe (Chrono Boost)  
  20  1:39  Assimilator  
  21  1:49  Probe (Chrono Boost)  
  22  1:59  Probe (Chrono Boost)  
  23  2:07  Cybernetics Core  
  23  2:10  Probe (Chrono Boost)  
  23  2:11  Gateway  
  24  2:16  Zealot (Chrono Boost)  
  24  2:17  Probe  
  27  2:29  Pylon  
  27  2:30  Probe x2  
  28  2:40  Zealot (Chrono Boost)  
  28  2:42  Probe (Chrono Boost)  
  31  2:45  Warp Gate (Chrono Boost)  
  31  2:47  Probe (Chrono Boost)  
  32  2:54  Mothership Core (Chrono Boost)  
  32  2:58  Adept (Chrono Boost)  
  36  2:59  Probe (Chrono Boost)  
  37  3:06  Adept (Chrono Boost)  
  37  3:10  Probe  
  40  3:15  Probe  
  40  3:17  Pylon  
  41  3:22  Probe (Chrono Boost)  
  41  3:24  Adept (Chrono Boost)  
  44  3:29  Probe (Chrono Boost)  
  44  3:32  Adept  
  47  3:34  Probe (Chrono Boost)  
  47  3:40  Probe (Chrono Boost)  
  49  3:45  Probe (Chrono Boost), Robotics Facility  
  50  3:51  Probe (Chrono Boost)  
  50  3:55  Probe (Chrono Boost)  
  51  4:01  Probe (Chrono Boost)  
  52  4:04  Probe  
  53  4:12  Nexus  
  53  4:13  Probe  
  53  4:15  Probe  
  55  4:17  Assimilator  
  55  4:22  Assimilator  
  55  4:25  Probe x2  
  57  4:34  Observer (Chrono Boost)  
  57  4:37  Probe  
  59  4:39  Forge  
  59  4:41  Twilight Council  
  57  4:53  Probe  
  57  4:55  Probe  
  57  5:05  Probe x2  
  57  5:07  Blink  
  57  5:13  Gateway  
  55  5:15  Gateway x2  
  55  5:16  Observer (Chrono Boost)  
  55  5:17  Probe (Chrono Boost)  
  55  5:18  Protoss Ground Weapons Level 1 (Chrono Boost)  
  57  5:23  Probe (Chrono Boost)  
  57  5:28  Probe (Chrono Boost)  
  59  5:29  Probe (Chrono Boost)  
  59  5:32  Sentry x2  
  59  5:33  Probe (Chrono Boost)  
  61  5:36  Pylon  
  61  5:41  Gateway, Probe x2 (Chrono Boost)  
  63  5:45  Immortal (Chrono Boost)  
  63  5:49  Probe  
  67  5:52  Gateway  
  67  5:55  Gateway, Probe  
  69  5:57  Pylon  
  69  5:58  Zealot  
  71  6:06  Probe  
  71  6:09  Probe  
  73  6:11  Assimilator  
  73  6:13  Probe  
  73  6:16  Probe  
  73  6:17  Assimilator  
  75  6:22  Immortal (Chrono Boost)  
  75  6:25  Probe, Dark Shrine  
  80  6:26  Probe  
  80  6:30  Probe  
  82  6:33  Pylon  
  82  6:37  Stalker  
  82  6:38  Stalker x4  
  92  6:48  Pylon  
  92  6:52  Pylon, Zealot  
  94  7:02  Zealot x3  
  88  7:19  Probe  
  88  7:21  Probe x2  
  91  7:28  Immortal (Chrono Boost)  
  95  7:33  Probe  
  95  7:34  Nexus  
  95  7:36  Pylon  
  96  7:37  Gateway  
  96  7:38  Pylon  
  96  7:39  Dark Templar x2, Gateway  
  96  7:42  Gateway, Dark Templar  
  102  7:57  Forge  
  102  8:01  Robotics Facility  
  102  8:02  Robotics Bay  
  102  8:08  Observer (Chrono Boost)  
  102  8:11  Pylon, Zealot x3  
  109  8:13  Zealot x3  
Tags
 
Add a new tag
Caveats
  • Supply blocks, unpowered buildings, or Contaminate may cause inaccurate times.
  • Supply counts are checked every 10 seconds.